Map: Acropolis LE

Players

Ziwong

  • Race: Protoss Protoss
  • League: Platinum
  • Spawn Location: 11:00

Parkkatz - Winner!

  • Race: Zerg Zerg
  • League: Platinum
  • Spawn Location: 5:00

VOD

Have the link to the VOD?

Description

Time

  • Played on: June 30, 2019, 11:56 a.m.
  • Length: 9:54
Show
View Real Time Build Order
Export as new Build Order

Ziwong Protoss 

Build Orders: Zealot Archon 

Get SALT Encoding   

  12  0:01  Probe  
  13  0:13  Probe  
  14  0:22  Pylon  
  14  0:25  Probe  
  15  0:41  Probe  
  15  0:42  Gateway  
  15  0:47  Assimilator  
  16  0:55  Probe  
  17  1:05  Probe  
  18  1:12  Gateway  
  18  1:17  Probe  
  19  1:29  Probe  
  19  1:32  Cybernetics Core  
  20  1:42  Probe  
  20  1:44  Pylon  
  21  1:54  Probe  
  22  1:57  Assimilator  
  22  2:06  Probe  
  23  2:14  Warp Gate  
  23  2:15  Adept  
  25  2:16  Adept, Probe  
  28  2:24  Probe  
  28  2:37  Robotics Facility  
  28  2:45  Adept  
  28  2:50  Probe  
  31  3:20  Pylon  
  31  3:22  Pylon  
  31  3:27  Twilight Council  
  31  3:38  Adept, Probe  
  30  3:51  Immortal  
  35  4:02  Nexus  
  34  4:14  Templar Archives  
  34  4:27  Probe  
  27  4:39  Probe  
  28  4:50  Probe  
  29  4:53  High Templar  
  29  4:57  High Templar  
  29  4:58  Probe  
  33  5:02  Archon  
  33  5:06  Probe  
  35  5:22  Assimilator  
  35  5:24  Assimilator  
  35  5:26  Pylon  
  35  5:35  Observer  
  36  5:40  Charge  
  36  5:41  Probe  
  37  5:43  Probe  
  38  5:53  Probe  
  38  5:56  Probe  
  40  6:04  Psionic Storm  
  40  6:05  Probe  
  40  6:10  Probe  
  42  6:12  Observer  
  43  6:26  Probe x2  
  45  6:33  Pylon  
  45  6:37  High Templar  
  45  6:38  High Templar, Probe  
  45  6:39  Probe  
  51  6:42  Archon  
  51  6:49  Warp Prism  
  51  7:09  Probe  
  51  7:12  High Templar x2  
  56  7:19  Probe  
  56  7:21  Probe  
  58  7:25  Immortal  
  62  7:30  Pylon  
  62  7:31  Probe  
  62  7:33  Probe  
  64  7:42  Observer  
  64  7:43  Probe  
  65  7:45  High Templar, Probe  
  65  7:46  High Templar  
  70  7:59  Probe  
  70  8:00  Probe  
  70  8:04  Immortal  
  76  8:11  Probe  
  76  8:12  Probe  
  78  8:23  Gateway, Probe  
  78  8:24  Probe  
  78  8:25  Gateway  
  80  8:29  High Templar x2  
  80  8:30  Pylon  
  80  8:33  Pylon  
  84  8:35  Probe  
  84  8:37  Pylon  
  80  9:01  Archon  
  64  9:12  Zealot  
  62  9:27  Probe x2  
  42  9:32  Stalker  
  42  9:33  Stalker  
Show
View Real Time Build Order
Export as new Build Order

Parkkatz Zerg - Winner!

Build Orders: Hatch First 

Get SALT Encoding   

  12  0:01  Drone  
  13  0:14  Overlord  
  13  0:17  Drone  
  14  0:33  Drone x2  
  16  0:38  Drone  
  17  0:57  Drone  
  17  0:58  Hatchery  
  17  1:08  Drone  
  18  1:12  Spawning Pool  
  18  1:17  Drone  
  18  1:22  Extractor  
  18  1:24  Drone  
  18  1:31  Drone  
  19  1:47  Overlord  
  19  2:03  Queen  
  19  2:05  Zergling x4  
  23  2:11  Zergling x2  
  23  2:13  Queen  
  23  2:15  Drone  
  27  2:21  Overlord  
  27  2:23  Metabolic Boost  
  27  2:27  Drone  
  28  2:32  Drone  
  29  2:44  Drone x2  
  29  2:48  Queen  
  33  2:56  Drone x3  
  35  3:05  Zergling x2  
  35  3:08  Zergling x2  
  35  3:13  Overlord  
  35  3:14  Zergling x4  
  37  3:20  Hatchery  
  37  3:22  Zergling x2  
  37  3:23  Zergling x2  
  38  3:27  Drone  
  38  3:28  Drone, Baneling Nest  
  37  3:43  Drone x5  
  42  3:54  Drone  
  42  3:55  Drone x5  
  48  4:07  Drone x3, Extractor  
  48  4:08  Extractor  
  49  4:27  Lair  
  49  4:30  Roach Warren  
  45  4:34  Drone  
  45  4:35  Queen x2  
  45  4:37  Zergling x2  
  45  4:38  Zergling x14  
  57  4:39  Zergling x2  
  57  4:44  Spore Crawler  
  57  4:47  Spore Crawler, Drone  
  57  4:59  Evolution Chamber  
  56  5:00  Drone x3, Evolution Chamber  
  56  5:02  Baneling x3  
  56  5:03  Baneling x2  
  58  5:12  Overlord  
  58  5:13  Overlord  
  58  5:14  Overlord  
  58  5:26  Zerg Missile Weapons Level 1  
  58  5:30  Zerg Ground Armor Level 1  
  58  5:33  Drone x2  
  58  5:34  Drone x4  
  63  5:56  Drone x3  
  66  5:57  Drone x3  
  66  5:59  Drone x4, Overlord  
  66  6:00  Overlord, Extractor x2  
  70  6:06  Drone x2  
  70  6:07  Drone x2  
  70  6:08  Drone x2  
  74  6:21  Zergling x2  
  74  6:22  Zergling x10  
  74  6:23  Zergling x2  
  81  6:30  Glial Reconstitution  
  81  6:31  Centrifical Hooks, Hydralisk Den  
  80  6:33  Drone  
  80  6:34  Drone x2  
  80  6:35  Overlord  
  83  6:43  Zergling x12  
  83  6:44  Baneling x2  
  83  6:45  Baneling x4  
  89  6:50  Overlord x2  
  89  6:51  Overseer  
  84  7:06  Drone x2  
  86  7:09  Muscular Augments, Extractor  
  85  7:25  Hydralisk x9  
  85  7:26  Hydralisk  
  85  7:28  Hydralisk  
  107  7:39  Hatchery  
  107  7:43  Zergling x2  
  107  7:44  Hydralisk x2, Zergling x8  
  111  7:45  Hydralisk x2  
  119  7:56  Queen  
  121  8:07  Zergling x2  
  122  8:32  Pneumatized Carapace  
  122  8:42  Overlord  
  122  8:43  Overlord x5  
  122  8:51  Queen x2  
  96  9:08  Zergling x2  
  96  9:09  Zergling x36  
  105  9:15  Zergling x2  
  105  9:16  Zergling x6  
  101  9:28  Zergling x2  
  101  9:29  Zergling x8  
  104  9:40  Drone x3  
  104  9:41  Drone x3  
Tags
 
Composition
Zealot Archon
Matchup
PvZ
Replay Pack
SC2 replays
Spawn Locations
Cross Positions
Add a new tag
Caveats
  • Supply blocks, unpowered buildings, or Contaminate may cause inaccurate times.
  • Supply counts are checked every 10 seconds.